 Dungeon Crawl Stone Soup version 0.26.1 (webtiles) character file.

Game seed: 1569415556158789821

263 DasRunzen the Conjurer (level 5, 0/41 HPs)
             Began as a Demigod Conjurer on Feb 5, 2021.
             Slain by Pikel
             ... wielding a +0 whip of electrocution
              (7 damage)
             ... on level 4 of the Dungeon.
             The game lasted 00:06:21 (4232 turns).

DasRunzen the Conjurer (Demigod Conjurer)           Turns: 4232, Time: 00:06:22

Health: 0/41       AC:  5    Str: 12    XL:     5   Next: 65%
Magic:  0/12       EV: 13    Int: 22    God:
Gold:   286        SH:  0    Dex: 14    Spells: 6/9 levels left

rFire    . . .     SeeInvis .   b - +4 dagger (venom)
rCold    . . .     Faith    .   (no shield)
rNeg     . . .     Spirit   .   a - +0 robe
rPois    .         Reflect  .   j - +1 helmet
rElec    .         Harm     .   m - +0 cloak
rCorr    .         Rampage  .   (no gloves)
Will     .....                  (no boots)
Stlth    ++........             (no amulet)
HPRegen  0.13/turn              h - ring of wizardry
MPRegen  0.13/turn              (no ring)

@: no status effects
A: high mp 1
a: no special abilities


You were on level 4 of the Dungeon.
You visited 1 branch of the dungeon, and saw 4 of its levels.

You collected 286 gold pieces.

Inventory:

Hand Weapons
 b - a +4 dagger of venom (weapon)
Armour
 a - a +0 robe (worn)
 j - a +1 helmet (worn)
 m - a +0 cloak (worn)
Jewellery
 h - a ring of wizardry (left hand)
Wands
 g - a wand of flame (22)
Scrolls
 d - a scroll of remove curse
 e - 4 scrolls of magic mapping
 f - 5 scrolls of identify
 i - 3 scrolls of amnesia
Potions
 c - a potion of magic
 l - a potion of might


   Skills:
 + Level 2.1 Fighting
 + Level 2.1 Armour
 + Level 2.9 Dodging
 - Level 1.7 Stealth
 + Level 2.8 Spellcasting
 + Level 4.4 Conjurations


You had 6 spell levels left.
You knew the following spells:

 Your Spells              Type           Power        Failure   Level
a - Magic Dart            Conj           88%          1%          1
b - Searing Ray           Conj           44%          1%          2

Your spell library contained the following spells:

 Spells                   Type           Power        Failure   Level
 Dazzling Flash           Conj/Hex       24%          6%          3
 Fulminant Prism          Conj/Hex       6%           21%         4
 Iskenderun's Mystic Bla  Conj/Tloc      12%          21%         4


Dungeon Overview and Level Annotations

Branches:
Dungeon (4/15)
 Temple: D:4-7

Annotations:
D:4 Pikel


Innate Abilities, Weirdness & Mutations

You have an increased reservoir of magic. (+10% MP)


Message History

Confirm with . or Enter, or press ? or * to list all spells.
Aiming: Searing Ray (safe; 1% risk of failure)
Press: ? - help, Shift-Dir - straight line, f/p - Pikel
Aim: Pikel, wielding a +0 whip of electrocution, wearing a +0 robe and carrying a wand of iceblast (8) (severely wounded, 28% to evade)
The searing ray misses Pikel.
The searing ray hits the lemure!
The lemure is moderately wounded. (Press . to maintain the ray.) Pikel hits you with a +0 whip of electrocution!
* * * LOW HITPOINT WARNING * * *
The searing ray hits Pikel.
Pikel is almost dead.
The searing ray hits the lemure.
The lemure is heavily wounded.
Pikel hits you but does no damage.
Without enough magic to sustain it, your searing ray dissipates.
Pikel barely misses you.
You closely miss Pikel.
Pikel is almost dead.
Pikel hits you with a +0 whip of electrocution!
You die...

#.# #.# #.# #.#
#########.# #.......#)#
#.......#)#
.##.........###########.
............).5K@..$....
..........##############
#.......# #....5..#
#.##K#### #. #.# #5K.#
....55. ###...###


You could see Pikel and a lemure.

Vanquished Creatures
  3 lemures
  Crazy Yiuf (D:2)
  Jessica (D:2)
  Ijyb (D:4)
  An orc wizard (D:4)
  A worker ant (D:3)
  5 adders
  An ooze (D:1)
  4 worms
  2 dart slugs (D:1)
  2 leopard geckos
  6 orcs
  9 bats
  3 giant cockroaches
  9 goblins
  7 hobgoblins
  2 jackals (D:1)
  2 kobolds
  3 quokkas
  4 frilled lizards
  A leopard gecko skeleton (D:4)
  6 rats
74 creatures vanquished.

Notes
Turn   | Place    | Note
-------+----------+-------------------------------------------
     0 | D:1      | DasRunzen the Demigod Conjurer began the quest for the Orb.
     0 | D:1      | Reached XP level 1. HP: 14/14 MP: 5/5
   369 | D:1      | Reached XP level 2. HP: 12/22 MP: 0/7
   372 | D:1      | Learned a level 2 spell: Searing Ray
  1172 | D:1      | Reached skill level 1 in Fighting
  1298 | D:1      | Reached XP level 3. HP: 28/28 MP: 5/8
  1610 | D:2      | Reached skill level 1 in Armour
  1625 | D:2      | Noticed Jessica
  1630 | D:2      | Killed Jessica
  1631 | D:2      | Reached skill level 4 in Conjurations
  1808 | D:2      | Reached XP level 4. HP: 29/35 MP: 4/10
  2000 | D:2      | Found a faded altar of an unknown god.
  2126 | D:2      | Found a sacrificial altar of Ru.
  2377 | D:2      | Found a runed translucent door.
  2378 | D:2      | Noticed Crazy Yiuf
  2385 | D:2      | Killed Crazy Yiuf
  2608 | D:3      | Reached XP level 5. HP: 25/41 MP: 11/11
  3281 | D:3      | Found a hazy altar of Hepliaklqana.
  3411 | D:3      | Found a broken altar of Ashenzari.
  3983 | D:4      | Noticed Ijyb
  3984 | D:4      | Noticed Pikel
  4224 | D:4      | Killed Ijyb
  4232 | D:4      | Slain by Pikel

Illustrated notes

Levels and vault maps discovered:
D:1:      psy_arrival_conway, layout_loops_corners, minmay_pentomino_s2
D:2:      layout_rooms, nicolae_overflow_crystal_walls,
          chequers_ecumenical_altar_simple_redux, uniq_jessica,
          uniq_crazy_yiuf_cottage
D:3:      layout_rooms, nzn_hepliaklqana_mist_gate,
          nicolae_overflow_hidden_temple, serial_corexii_hall,
          corexii_hall_statues_deadend, corexii_hall_statues_x
D:4:      layout_loops_ring, serial_shops, shop, grunt_ministairs_5,
          grunt_decor_cap, minmay_liquid_box, minmay_hollow_rounded_squares,
          uniq_pikel, uniq_ijyb

Skill      XL: |  1  2  3  4  5 |
---------------+----------------+-----
Dodging        | 2 |  2.9
Spellcasting   | 2 |  2.8
Fighting       | 1 2 |  2.1
Armour         | 1 2 |  2.1
Conjurations   | 4 |  4.4
Stealth        | |  1.7

Action                   |  1- 3 |  4- 6 || total
-------------------------+-------+-------++-------
Melee: Dagger            |    16 |    98 ||   114
 Cast: Magic Dart        |    52 |       ||    52
       Searing Ray       |     5 |     6 ||    11
  Use: Scroll            |     8 |     5 ||    13
 Stab: Sleeping          |       |     5 ||     5
       Distracted        |       |     1 ||     1
Armor: Robe              |     3 |    18 ||    21
Dodge: Dodged            |    19 |    52 ||    71
